 Dungeon Crawl Stone Soup version 0.28-a0-850-g09de17f (webtiles) character file.

Game seed: 6307163026624500404

1323 Meow the Destroyer (level 8, 0/68 HPs)
             Began as a Naga Conjurer on Nov 14, 2021.
             Slain by a vampire mosquito (5 damage)
             ... on level 5 of the Dungeon.
             The game lasted 00:19:00 (5908 turns).

Meow the Destroyer (Naga Conjurer)                  Turns: 5908, Time: 00:19:00

Health: 0/68       AC:  5    Str: 10    XL:     8   Next: 59%
Magic:  14/17      EV:  9    Int: 21    God:
Gold:   285        SH:  3    Dex:  9    Spells: 16/19 levels left

rFire   . . .      SeeInvis +   a - +2 whip (elec)
rCold   . . .      Faith    .   y - +0 buckler
rNeg    . . .      Spirit   .   c - +0 robe
rPois   +          Reflect  .   u - +0 helmet
rElec   .          Harm     .   C - +0 cloak
rCorr   .          Rampage  .   (no gloves)
Will    ++...                   (no barding)
Stlth   ++........              (no amulet)
HPRegen 0.21/turn               p - ring of willpower
MPRegen 0.15/turn               (no ring)

@: very slow
A: AC +2, large, see invisible, deformed body, poison resistance, slowness 2,
spit poison 1, naga tail 1
a: Spit Poison


You were on level 5 of the Dungeon.
You visited 1 branch of the dungeon, and saw 5 of its levels.

You collected 285 gold pieces.

Inventory:

Hand Weapons
 a - a +2 whip of electrocution (weapon)
 b - a +1 long sword
 t - a +2 mace of holy wrath
Missiles
 j - 6 curare-tipped darts
 l - 5 boomerangs
 m - 19 sling bullets
 r - 83 stones (quivered)
 x - 16 poisoned darts
 B - 5 datura-tipped darts
 D - 41 arrows
Armour
 c - a +0 robe (worn)
 u - a +0 helmet (worn)
 y - a +0 buckler (worn)
 C - a +0 cloak (worn)
Jewellery
 p - a ring of willpower (left hand)
Wands
 s - a wand of digging (1)
Scrolls
 d - a scroll of teleportation
 e - a scroll of amnesia {unknown}
 g - 2 scrolls of immolation {unknown}
 h - a scroll of enchant weapon
 i - a scroll of acquirement {unknown}
 k - a scroll of enchant armour {unknown}
 q - 2 scrolls of silence {unknown}
 v - a scroll of magic mapping {unknown}
 w - a scroll of noise {unknown}
Potions
 f - a potion of magic {unknown}
 n - a potion of invisibility {unknown}
 o - 2 potions of flight {unknown}
 z - 2 potions of curing {unknown}
 A - a potion of might {unknown}
 E - 2 potions of brilliance {unknown}


   Skills:
 * Level 2.6 Fighting
 - Level 1.5 Dodging
 - Level 3.0 Stealth
 * Level 1.4 Shields
 + Level 6.1 Spellcasting
 + Level 8.1 Conjurations


You had 16 spell levels left.
You knew the following spells:

 Your Spells              Type           Power      Damage    Failure   Level
a - Magic Dart            Conj           100%       1d8       1%          1
b - Searing Ray           Conj           80%        2d7       1%          2

Your spell library contained the following spells:

 Spells                   Type           Power      Damage    Failure   Level
 Conjure Flame            Conj/Fire      23%        6-21      6%          3
 Dazzling Flash           Conj/Hex       46%        N/A       6%          3
 Blink                    Tloc           12%        N/A       17%         2
 Scorch                   Fire           12%        2d6       17%         2
 Flame Wave               Conj/Fire      23%        3d6       22%         4
 Fulminant Prism          Conj/Hex       11%        3d9       22%         4
 Iskenderun's Mystic Bla  Conj/Tloc      23%        2d6       22%         4
 Sticky Flame             Conj/Fire      23%        2d4       22%         4
 Ignite Poison            Fire/Tmut/Pois 6%         N/A       34%         3
 Lesser Beckoning         Tloc           6%         N/A       34%         3
 Manifold Assault         Tloc           6%         N/A       97%         5
 Summon Cactus Giant      Summ           3%         N/A       100%        6


Dungeon Overview and Level Annotations

Branches:
Dungeon (5/15)
 Temple: D:4-7

Altars:
Ashenzari
Elyvilon

Shops:
D:1 (

Annotations:
D:3 3 runed translucent doors, Caerwyn's ghost, amateur OpEE; Sigmund
D:4 2 transporters


Innate Abilities, Weirdness & Mutations

Your serpentine skin is tough. (AC +2)
You have supernaturally acute eyesight. (SInv)
Armour fits poorly on your strangely shaped body.
Your system is resistant to poisons. (rPois)
You cover ground very slowly.
You can spit poison.
You have a snake-like lower body.


Message History

The vampire mosquito barely misses you.
The searing ray hits the vampire mosquito!
The vampire mosquito is heavily damaged.
The searing ray hits the vampire mosquito!
The vampire mosquito is severely damaged.
The vampire mosquito bites you.
The vampire mosquito draws strength from your injuries!
The vampire mosquito bites you!
The vampire mosquito draws strength from your injuries!
The vampire mosquito bites you but does no damage.
The vampire mosquito bites you!
The vampire mosquito draws strength from your injuries!
You block the vampire mosquito's attack.
The vampire mosquito bites you!
The vampire mosquito draws strength from your injuries!
Unknown command.
Unknown command.
Okay, then.
Aiming: Dig
Press: ? - help, Shift-Dir - straight line, p - vampire mosquito A rock wall.
The rock shatters into small pieces.
The vampire mosquito bites you.
The vampire mosquito draws strength from your injuries!
The vampire mosquito bites you.
The vampire mosquito draws strength from your injuries!
You block the vampire mosquito's attack.
The vampire mosquito bites you.
The vampire mosquito draws strength from your injuries!
The vampire mosquito bites you!
* * * LOW HITPOINT WARNING * * *
The vampire mosquito draws strength from your injuries!
The vampire mosquito closely misses you.
The vampire mosquito barely misses you. The vampire mosquito bites you.
* * * LOW HITPOINT WARNING * * *
The vampire mosquito draws strength from your injuries!
The vampire mosquito bites you!
* * * LOW HITPOINT WARNING * * *
The vampire mosquito draws strength from your injuries!
The vampire mosquito bites you.
You die...

....##.# ..##..................
.......# #..#..................
...##.#########.........#........
..## ## ..... #.........##.#####.
#.### 8.8.8.#.........####...#.
#.... ......#..........#.#.≈.#.
..... ............#......#.≈.#.
.#... ..$...#yyy..###.####.≈.#.
.# . 8.8.8 #.@y.####.## #.≈.#. ##
.... ##.........###...#. # ###
##.......##.##'### #
##........##.#.... ##+
#..#####>..##...###...... ..#
#..........###........... ..#
#......#.#..#.......##... ##+
+......#.......###..##...
.....#..#..............###.......


You could see 4 vampire mosquitoes.

Vanquished Creatures
  A water moccasin (D:5)
  A sky beast (D:4)
  An ice beast (D:5)
  4 phantoms
  A bullfrog (D:4)
  2 scorpions (D:4)
  A centaur zombie (D:5)
  A hound (D:5)
  2 orc priests (D:3)
  3 iguanas
  Natasha (thrice) (D:2)
  2 orc wizards
  A hound zombie (D:5)
  A hound skeleton (D:5)
  Robin (D:3)
  8 gnolls
  3 adders
  A shadow imp (D:5)
  A worm (D:4)
  2 dart slugs
  13 orcs
  5 ball pythons
  2 bats (D:2)
  4 endoplasms
  A giant cockroach (D:1)
  12 goblins
  8 hobgoblins
  3 quokkas
  2 frilled lizards
  2 kobolds
92 creatures vanquished.

Notes
Turn   | Place    | Note
-------+----------+-------------------------------------------
     0 | D:1      | Meow the Naga Conjurer began the quest for the Orb.
     0 | D:1      | Reached XP level 1. HP: 15/15 MP: 3/3
   282 | D:1      | Reached XP level 2. HP: 22/22 MP: 5/5
   413 | D:1      | Found Ogit's Antique Weapon Shoppe.
   798 | D:1      | Found a faded altar of an unknown god.
  1458 | D:2      | Learned a level 2 spell: Searing Ray
  1512 | D:2      | Noticed Natasha
  1708 | D:2      | Killed Natasha
  1709 | D:2      | Reached XP level 3. HP: 16/28 MP: 0/7
  2020 | D:2      | Noticed Natasha
  2025 | D:2      | Killed Natasha
  2026 | D:2      | Reached XP level 4. HP: 36/36 MP: 3/8
  2724 | D:2      | Noticed Natasha
  2732 | D:2      | Killed Natasha
  2733 | D:2      | Reached skill level 5 in Conjurations
  2803 | D:2      | Reached XP level 5. HP: 21/42 MP: 0/10
  2929 | D:3      | Found a runed translucent gate.
  2929 | D:3      | Found a runed translucent gate.
  2929 | D:3      | Found a runed translucent gate.
  2930 | D:3      | Noticed Robin
  3112 | D:3      | Noticed Sigmund
  3294 | D:3      | Noticed a phantom
  3492 | D:3      | Noticed Caerwyn's ghost (amateur OpEE)
  3523 | D:3      | Killed Robin
  3646 | D:4      | Noticed a phantom
  3656 | D:3      | Killed a phantom
  3657 | D:3      | Reached XP level 6. HP: 23/49 MP: 0/12
  3675 | D:3      | Reached skill level 6 in Conjurations
  3965 | D:4      | Reached XP level 7. HP: 30/55 MP: 0/14
  4071 | D:4      | Found a white marble altar of Elyvilon.
  4181 | D:4      | Reached skill level 5 in Spellcasting
  4418 | D:4      | Found a transporter.
  4419 | D:4      | Found a transporter.
  4539 | D:4      | Reached skill level 7 in Conjurations
  4884 | D:4      | Reached XP level 8. HP: 62/62 MP: 10/16
  5152 | D:5      | Entered Level 5 of the Dungeon
  5261 | D:5      | Reached skill level 8 in Conjurations
  5322 | D:5      | Reached skill level 1 in Fighting
  5498 | D:5      | Found a broken altar of Ashenzari.
  5700 | D:5      | Reached skill level 1 in Shields
  5908 | D:5      | Slain by a vampire mosquito

Illustrated notes

Levels and vault maps discovered:
D:1:      zaba_arrival_water, layout_basic, serial_shops, shop,
          shapermc_ecumenical_altar_notcrosses, corexii_corridor_pit,
          lemuel_another_geyser
D:2:      layout_basic, minivault_23, uniq_natasha
D:3:      layout_rooms, zin_treasury, nicolae_overflow_quartered_altars,
          gammafunk_ghost_split, serial_shops, nicolae_shop_crystal,
          st_stairs_10, corexii_item_surrounded_by_moat, uniq_robin,
          uniq_sigmund
D:4:      gammafunk_wand_slinger, layout_basic, nicolae_elyvilon_peaceful_grove,
          ldierk_geyser
D:5:      layout_cave_pools, mainiacjoe_overflow_24_doors,
          amcnicky_mini_rare_corridor_liquid, grunt_ministairs_3, dk_vineyard_2

Skill      XL: |  1  2  3  4  5  6  7  8 |
---------------+-------------------------+-----
Spellcasting   | 3 4 5 6 |  6.1
Conjurations   | 5 6 7 8 |  8.1
Fighting       | 2 |  2.6
Shields        | 1 |  1.4
Dodging        | |  1.5
Stealth        | |  3.0

Action                   |  1- 3 |  4- 6 |  7- 9 || total
-------------------------+-------+-------+-------++-------
Melee: Whip              |       |    19 |     4 ||    23
Throw: Stone             |     6 |     1 |       ||     7
 Cast: Magic Dart        |    29 |     7 |       ||    36
       Searing Ray       |     1 |    31 |    34 ||    66
 Abil: Spit Poison       |    17 |    13 |     7 ||    37
Evoke: Wand              |       |       |     1 ||     1
  Use: Scroll            |     1 |       |     1 ||     2
       Potion            |       |     3 |       ||     3
Armor: Robe              |     1 |     5 |    18 ||    24
Dodge: Dodged            |     2 |    23 |    17 ||    42
Block: Buckler           |       |       |     3 ||     3

Table legend: (Time is in decaauts)
 A = Elapsed time spent in this place.
 B = Non-inter-level travel time spent in this place.
 C = Inter-level travel time spent in this place.
 D = Time resting spent in this place.
 E = Time spent auto-exploring this place.
 F = Levels seen in this place.
 G = Mean time per level.
                   A        B        C        D        E       F      G
               +--------+--------+--------+--------+--------+-----+--------+
         Total |   7508 |   6407 |   1101 |   1493 |   3392 |   5 | 1501.6 |
       Dungeon |   7508 |   6407 |   1101 |   1493 |   3392 |   5 | 1501.6 |
               +--------+--------+--------+--------+--------+-----+--------+

Top non-repeatable levels by time:
     D:2: 3029 daAuts
     D:4: 1638 daAuts
     D:1: 1306 daAuts
     D:5: 888 daAuts
     D:3: 645 daAuts
